 Dungeon Crawl Stone Soup version 0.23-a0-54-gae6112e (webtiles) character file.

2286 galech the Chopper (level 9, 0/63 (65) HPs)
             Began as a Gnoll Wanderer on Aug 8, 2018.
             Was a Follower of Okawaru.
             Splashed by a jelly's acid (9 damage)
             ... on level 7 of the Dungeon.
             The game lasted 00:10:18 (8100 turns).

galech the Chopper (Gnoll Wanderer)                 Turns: 8100, Time: 00:10:20

HP:   0/63 (65)     AC:  0    Str: 16    XL:     9   Next: 39%
MP:   15/15         EV:  8    Int: 14    God:    Okawaru [*.....]
Gold: 533           SH:  0    Dex: 17    Spells: 16/16 levels left

rFire    . . .     SeeInvis .   z - +2 whip (freeze)
rCold    . . .     Gourm    .   (no shield)
rNeg     . . .     Faith    .   w - +0 plate armour
rPois    .         Spirit   .   n - +1 helmet
rElec    .         Reflect  .   (no cloak)
rCorr    .         Harm     .   (no gloves)
MR       .....                  (no boots)
Stlth    ..........             (no amulet)
HPRegen  0.20/turn              (no ring)
MPRegen  0.14/turn              (no ring)

@: corroded
A: distributed training, fangs 1, strong nose
a: Heroism, Renounce Religion


You were on level 7 of the Dungeon.
You worshipped Okawaru.
Okawaru was aware of your devotion.
You were not hungry.

You visited 2 branches of the dungeon, and saw 8 of its levels.

You collected 533 gold pieces.

Inventory:

Hand Weapons
 a - a +2 hand axe
 b - a +0 spear
 g - a +1 dagger of speed
 z - a +2 whip of freezing (weapon)
Armour
 n - a +1 helmet (worn)
 w - a +0 plate armour (worn)
Wands
 e - a wand of clouds (2)
 B - a wand of acid (6)
Scrolls
 d - a scroll of random uselessness {unknown}
 h - 8 scrolls of identify {unknown}
 i - 2 scrolls of magic mapping {unknown}
 j - 7 scrolls of remove curse {unknown}
 k - a scroll of immolation {unknown}
 l - 4 scrolls of teleportation {unknown}
 r - 2 scrolls of amnesia {unknown}
 u - a scroll of fear {unknown}
 v - a scroll of enchant weapon {unknown}
 y - a scroll of enchant armour {unknown}
 A - a scroll of noise {unknown}
Potions
 c - a potion of curing
 m - 2 potions of haste {unknown}
 o - a potion of flight {unknown}
 p - 2 potions of agility
 q - a potion of ambrosia {unknown}
 s - a potion of berserk rage {unknown}
 t - a potion of invisibility
 x - a potion of magic {unknown}
 C - a potion of heal wounds {unknown}
Comestibles
 f - 14 rations
 D - 3 chunks of flesh


   Skills:
 + Level 4.1 Fighting
 + Level 4.1 Short Blades
 + Level 4.1 Long Blades
 + Level 7.8 Axes
 + Level 4.1 Maces & Flails
 + Level 4.1 Polearms
 + Level 4.1 Staves
 + Level 4.1 Slings
 + Level 4.1 Bows
 + Level 4.1 Crossbows
 + Level 4.9 Throwing
 + Level 6.2 Armour
 + Level 6.2 Dodging
 + Level 4.8 Stealth
 + Level 4.1 Shields
 + Level 4.9 Unarmed Combat
 + Level 4.1 Spellcasting
 + Level 3.4 Conjurations
 + Level 3.4 Hexes
 + Level 3.4 Charms
 + Level 3.4 Summonings
 + Level 3.4 Necromancy
 + Level 3.4 Translocations
 + Level 3.4 Transmutations
 + Level 3.4 Fire Magic
 + Level 3.4 Ice Magic
 + Level 3.4 Air Magic
 + Level 3.4 Earth Magic
 + Level 3.4 Poison Magic
 + Level 4.5 Invocations
 + Level 4.1 Evocations


You had 16 spell levels left.
You didn't know any spells.
Your spell library contained the following spells:

 Spells                   Type           Power        Failure   Level  Hunger
 Bolt of Magma            Conj/Fire/Erth ##........   100%        5    ######.
 Confuse                  Hex            ##......     99%         3    ###....
 Iron Shot                Conj/Erth      ##........   100%        6    #######
 Statue Form              Tmut/Erth      ##.......    100%        6    #######
 Confusing Touch          Hex            ##....       91%         1    None
 Metabolic Englaciation   Hex/Ice        ##........   100%        5    ######.
 Shatter                  Erth           ##........   100%        9    #######
 Petrify                  Tmut/Erth      ##......     100%        4    ####...
 Leda's Liquefaction      Hex/Erth       ##........   100%        4    ####...
 Gell's Gravitas          Tloc           ##........   99%         3    ###....
 Yara's Violent Unravell  Hex/Tmut       ##........   100%        5    ######.


Dungeon Overview and Level Annotations

Branches:
Dungeon (7/15)             Temple (1/1) D:6

Altars:
Ashenzari
Cheibriados
Dithmenos
Fedhas
Hepliaklqana
Kikubaaqudgha
Nemelex Xobeh
Okawaru
Qazlal
Ru
Uskayaw
Wu Jian
Xom
Yredelemnul
Zin
The Shining One


Innate Abilities, Weirdness & Mutations

Your experience applies equally to all skills.
You have very sharp teeth.
Your uncanny sense of smell can sniff out nearby items.


Message History

You are too injured to fight recklessly!
You are too injured to fight recklessly!
You are too injured to fight recklessly!
You are too injured to fight recklessly!
There is a stone staircase leading up here.
You hit the jelly. You freeze the jelly.
Your hands burn!
The jelly is severely wounded.
The jelly closely misses you.
You hit the jelly but do no damage.
Your hands burn!
The jelly is severely wounded.
The jelly hits you. The acid corrodes you!
You are splashed with acid!
The acid burns!
* * * LOW HITPOINT WARNING * * *
You hit the jelly but do no damage.
Your hands burn!
* * * LOW HITPOINT WARNING * * *
The jelly is severely wounded.
The jelly hits you.
* * * LOW HITPOINT WARNING * * *
You are splashed with acid!
The acid burns!
You die...

#>............
#####.####....
###.# ...
#...# #.###
#.# #.#
#.##### ###
#.....# #@#
#######.# #J#
#....##.# #.#
#.##....# #.#
#....######.##
####.#.......#
#...#######
#####


You could see a jelly.

Vanquished Creatures
  Pikel (D:6)
  Sigmund (D:4)
  A sky beast (D:4)
  4 phantoms
  An ogre (D:6)
  2 necrophages
  The ghost of eyesofgods1 the Skirmisher, an amateur DsFi (D:3)
  A centaur (D:5)
  A scorpion (D:5)
  A howler monkey (D:5)
  A bullfrog zombie (D:5)
  5 hounds
  2 orc priests (D:6)
  An orc wizard (D:6)
  2 iguanas
  Natasha (thrice) (D:2)
  5 worker ants
  A hound skeleton (D:6)
  Robin (D:2)
  4 adders
  3 shadow imps
  An ooze (D:2)
  An adder zombie (D:5)
  A worm (D:5)
  5 dart slugs
  5 leopard geckos
  4 orcs
  7 giant cockroaches
  10 goblins
  6 hobgoblins
  9 jackals
  4 quokkas
  A ball python (D:6)
  A ball python skeleton (D:4)
  10 bats
  6 frilled lizards
  9 kobolds
  6 rats
128 creatures vanquished.

Notes
Turn   | Place    | Note
-------+----------+-------------------------------------------
     0 | D:1      | galech the Gnoll Wanderer began the quest for the Orb.
     0 | D:1      | galech set off with: a +2 hand axe, a +0 spear, a potion of curing, a +0 robe, a ration
     0 | D:1      | Reached XP level 1. HP: 13/13 MP: 1/1
   155 | D:1      | Reached XP level 2. HP: 11/19 MP: 2/2
   407 | D:1      | Reached XP level 3. HP: 18/25 MP: 3/3
   696 | D:1      | Reached skill level 1 in Invocations
   904 | D:2      | Noticed a phantom
   926 | D:2      | Killed a phantom
   926 | D:2      | Reached skill level 1 in Fighting
   926 | D:2      | Reached skill level 1 in Short Blades
   926 | D:2      | Reached skill level 1 in Long Blades
   926 | D:2      | Reached skill level 1 in Maces & Flails
   926 | D:2      | Reached skill level 1 in Polearms
   926 | D:2      | Reached skill level 1 in Staves
   926 | D:2      | Reached skill level 1 in Slings
   926 | D:2      | Reached skill level 1 in Bows
   926 | D:2      | Reached skill level 1 in Crossbows
   926 | D:2      | Reached skill level 1 in Shields
   926 | D:2      | Reached skill level 1 in Spellcasting
   926 | D:2      | Reached skill level 1 in Conjurations
   926 | D:2      | Reached skill level 1 in Hexes
   926 | D:2      | Reached skill level 1 in Charms
   926 | D:2      | Reached skill level 1 in Summonings
   926 | D:2      | Reached skill level 1 in Necromancy
   926 | D:2      | Reached skill level 1 in Translocations
   926 | D:2      | Reached skill level 1 in Transmutations
   926 | D:2      | Reached skill level 1 in Fire Magic
   926 | D:2      | Reached skill level 1 in Ice Magic
   926 | D:2      | Reached skill level 1 in Air Magic
   926 | D:2      | Reached skill level 1 in Earth Magic
   926 | D:2      | Reached skill level 1 in Poison Magic
   926 | D:2      | Reached skill level 1 in Evocations
   926 | D:2      | Reached XP level 4. HP: 17/32 MP: 4/6
   926 | D:2      | Reached XP level 5. HP: 19/37 MP: 4/7
  1088 | D:2      | Noticed Robin
  1102 | D:2      | Killed Robin
  1437 | D:2      | You fall through a shaft for 2 floors!
  1457 | D:4      | Found a glowing golden altar of the Shining One.
  1464 | D:4      | Noticed Sigmund
  1479 | D:4      | Killed Sigmund
  1479 | D:4      | Reached skill level 5 in Armour
  1479 | D:4      | Reached skill level 5 in Dodging
  1479 | D:4      | Reached XP level 6. HP: 24/44 MP: 8/8
  2389 | D:2      | Noticed Natasha
  2397 | D:2      | Killed Natasha
  2397 | D:2      | Reached XP level 7. HP: 50/50 MP: 10/10
  2755 | D:2      | Found a stormy altar of Qazlal.
  2767 | D:2      | Found a sacrificial altar of Ru.
  2781 | D:2      | Noticed Natasha
  2789 | D:2      | Killed Natasha
  3144 | D:2      | Noticed Natasha
  3153 | D:2      | Killed Natasha
  3153 | D:2      | Reached skill level 7 in Axes
  3252 | D:3      | Found a transporter.
  3274 | D:3      | Found a transporter.
  3346 | D:3      | Found a runed door.
  3348 | D:3      | Noticed eyesofgods1's ghost (amateur DsFi)
  3592 | D:3      | Found an ancient bone altar of Kikubaaqudgha.
  4155 | D:5      | Entered Level 5 of the Dungeon
  4901 | D:5      | Reached XP level 8. HP: 49/57 MP: 12/12
  5771 | D:5      | Found a glowing silver altar of Zin.
  5942 | D:3      | Killed eyesofgods1's ghost
  6286 | D:6      | HP: 1/58 [ogre/giant club (18)]
  6852 | D:6      | Found a snail-covered altar of Cheibriados.
  6855 | D:6      | Noticed Pikel
  7279 | D:6      | Found a staircase to the Ecumenical Temple.
  7288 | Temple   | Entered the Ecumenical Temple
  7332 | Temple   | Became a worshipper of Warmaster Okawaru
  7435 | D:6      | Reached XP level 9. HP: 39/63 MP: 14/14
  7825 | D:6      | Killed Pikel
  7825 | D:6      | Reached * piety under Okawaru
  8100 | D:7      | Splashed by a jelly's acid

Vault maps used:
D:1:      lordsloth_arrival_two_stooges
D:2:      amethyst_overflow_temple_binary, uniq_robin, uniq_natasha
D:3:      gammafunk_wand_slinger, nicolae_overflow_crystal_walls,
          gammafunk_ghost_grave
D:4:      lemuel_doored_altar, first_ration, minivault_5, minivault_4,
          uniq_sigmund
D:5:      zin_scriptorium
D:6:      overflow_temple_1_default, minmay_temple_entry_nine_rooms, uniq_pikel
D:7:      uniq_crazy_yiuf_cottage
Temple:   jpeg_temple_clearing

Skill      XL: |  1  2  3  4  5  6  7  8  9 |
---------------+----------------------------+-----
Invocations    | 1 2 3 4 |  4.5
Fighting       | 1 2 3 4 |  4.1
Short Blades   | 1 2 3 4 |  4.1
Long Blades    | 1 2 3 4 |  4.1
Maces & Flails | 1 2 3 4 |  4.1
Polearms       | 1 2 3 4 |  4.1
Staves         | 1 2 3 4 |  4.1
Slings         | 1 2 3 4 |  4.1
Bows           | 1 2 3 4 |  4.1
Crossbows      | 1 2 3 4 |  4.1
Shields        | 1 2 3 4 |  4.1
Spellcasting   | 1 2 3 4 |  4.1
Conjurations   | 1 2 3 |  3.4
Hexes          | 1 2 3 |  3.4
Charms         | 1 2 3 |  3.4
Summonings     | 1 2 3 |  3.4
Necromancy     | 1 2 3 |  3.4
Translocations | 1 2 3 |  3.4
Transmutations | 1 2 3 |  3.4
Fire Magic     | 1 2 3 |  3.4
Ice Magic      | 1 2 3 |  3.4
Air Magic      | 1 2 3 |  3.4
Earth Magic    | 1 2 3 |  3.4
Poison Magic   | 1 2 3 |  3.4
Evocations     | 1 2 3 4 |  4.1
Throwing       | 3 4 |  4.9
Unarmed Combat | 3 4 |  4.9
Armour         | 5 6 |  6.2
Dodging        | 5 6 |  6.2
Stealth        | 3 4 |  4.8
Axes           | 7 |  7.8

Action                   |  1- 3 |  4- 6 |  7- 9 || total
-------------------------+-------+-------+-------++-------
Melee: Hand axe          |    82 |   117 |   395 ||   594
       Bite              |     9 |    17 |    59 ||    85
       Whip              |       |       |    52 ||    52
       Punch             |       |       |     1 ||     1
 Stab: Sleeping          |       |     1 |       ||     1
  Eat: Chunk             |       |     5 |    15 ||    20
       Ration            |       |       |     1 ||     1
Armor: Scale mail        |    48 |    40 |    78 ||   166
       Plate armour      |       |       |   141 ||   141
Dodge: Dodged            |    52 |    68 |   187 ||   307

Table legend:
 A = Spawn XP
 B = Non-spawn XP
 C = Spawn XP percentage of total XP
 D = Spawn monster count
 E = Non-spawn monster count
 F = Spawn count percentage of total count
 G = Total turns spent on level
                    A         B        C        D         E        F      G
               +---------+---------+-------+---------+---------+-------+---------
         Total |       0 |    3267 |   0.0 |       0 |     128 |   0.0 |  8100
               +---------+---------+-------+---------+---------+-------+---------
           D:1 |       0 |      60 |   0.0 |       0 |      30 |   0.0 |   892
           D:2 |       0 |     350 |   0.0 |       0 |      41 |   0.0 |  1492
           D:3 |       0 |     130 |   0.0 |       0 |       8 |   0.0 |   989
           D:4 |       0 |     502 |   0.0 |       0 |      13 |   0.0 |  1767
           D:5 |       0 |     846 |   0.0 |       0 |      16 |   0.0 |  1626
           D:6 |       0 |    1292 |   0.0 |       0 |      16 |   0.0 |  1114
           D:7 |       0 |      87 |   0.0 |       0 |       4 |   0.0 |   132
               +---------+---------+-------+---------+---------+-------+---------
